[Event "5th EKA IIFL Investment 2019"]
[Site "Mumbai"]
[Date "2020.01.03"]
[Round "5.36"]
[White "Eraschenkov, Denis"]
[Black "Aradhya, Garg"]
[Result "1-0"]
[ECO "B35"]
[WhiteElo "2386"]
[BlackElo "2197"]
[Annotator "ChessBase"]
[PlyCount "125"]
[EventDate "2019.12.30"]
[EventType "swiss"]
[EventCountry "IND"]
[SourceTitle "playchess.com"]
[Source "ChessBase"]
[SourceQuality "1"]
[TimeControl "40/5400+30:1800+30"]

1. e4 c5 2. Nf3 Nc6 3. Nc3 g6 4. d4 cxd4 5. Nxd4 Bg7 6. Be3 Nf6 7. Bc4 O-O 8. Bb3 Re8 9. O-O d6 10. h3 Na5 11. Qd3 a6 12. f4 e5 13. Nde2 Nxb3 14. axb3 exf4 15. Bxf4 d5 16. exd5 b5 17. b4 Bb7 18. Rad1 Nxd5 19. Nxd5 Qxd5 20. Qxd5 Bxd5 21. Nd4 Bc4 22. Rf2 Rad8 23. c3 Re4 24. Bg5 Rd5 25. Bf6 Bh6 26. Ra1 Be3 27. Rxa6 Re8 28. g4 h5 29. Kg2 hxg4 30. hxg4 Rd7 31. b3 Bd5+ 32. Kg3 Bxf2+ 33. Kxf2 Rc8 34. Rb6 Rb7 35. Rd6 Be6 36. g5 Kf8 37. Ke2 Bg4+ 38. Kd3 Re8 39. Ra6 Rc8 40. Ra5 Re8 41. Kd2 Bd7 42. Ra6 Re4 43. Nf3 Re8 44. Ne5 Be6 45. Kc2 Rc7 46. Kb2 Bd5 47. Rd6 Bg2 48. Rd2 Ra8 49. Rxg2 Rca7 50. Rd2 Ra2+ 51. Kc1 Ra1+ 52. Kc2 Re1 53. Nd3 Rh1 54. c4 bxc4 55. bxc4 Ke8 56. Nb2 Rh4 57. b5 Rf4 58. Kb3 Rf3+ 59. Kb4 Rf4 60. b6 Rb8 61. Kb5 Rf3 62. Nd3 Rh3 63. Nb4 1-0

[Event "5th EKA IIFL Investment 2019"]
[Site "Mumbai"]
[Date "2020.01.03"]
[Round "5.37"]
[White "Thanki, Hemal Karsanji"]
[Black "Ameir, Moheb"]
[Result "0-1"]
[ECO "B31"]
[WhiteElo "2164"]
[BlackElo "2342"]
[Annotator "ChessBase"]
[PlyCount "82"]
[EventDate "2019.12.30"]
[EventType "swiss"]
[EventCountry "IND"]
[SourceTitle "playchess.com"]
[Source "ChessBase"]
[SourceQuality "1"]
[TimeControl "40/5400+30:1800+30"]

1. e4 c5 2. Nf3 Nc6 3. Bb5 g6 4. Bxc6 dxc6 5. d3 Bg7 6. h3 Nh6 7. O-O f6 8. e5 O-O 9. Re1 Nf7 10. Nc3 Qc7 11. a4 f5 12. Qe2 h6 13. h4 b6 14. a5 Rb8 15. axb6 axb6 16. Bf4 e6 17. Qe3 Bb7 18. Na4 Ra8 19. b4 cxb4 20. Nxb6 Rxa1 21. Rxa1 c5 22. Nc4 Ra8 23. Rxa8+ Bxa8 24. Nd6 Bxf3 25. Nxf7 Kxf7 26. Qxf3 Bf8 27. Qe3 h5 28. g3 Qa7 29. Qc1 Qa3 30. Qb1 Bg7 31. Kg2 Qa8+ 32. f3 Qd5 33. Qb3 Qd4 34. Qa4 Qd5 35. Qa7+ Kg8 36. Qb8+ Kh7 37. Qd6 Qa2 38. Kh3 Qb1 39. g4 Qh1+ 40. Kg3 Qg1+ 41. Kh3 fxg4+ 0-1

[Event "5th EKA IIFL Investment 2019"]
[Site "Mumbai"]
[Date "2020.01.03"]
[Round "5.41"]
[White "Tarini Goyal"]
[Black "Pranav, Anand"]
[Result "0-1"]
[ECO "D38"]
[WhiteElo "2098"]
[BlackElo "2309"]
[Annotator "ChessBase"]
[PlyCount "133"]
[EventDate "2019.12.30"]
[EventType "swiss"]
[EventCountry "IND"]
[SourceTitle "playchess.com"]
[Source "ChessBase"]
[SourceQuality "1"]
[TimeControl "40/5400+30:1800+30"]

1. d4 Nf6 2. c4 e6 3. Nf3 d5 4. Nc3 Bb4 5. g3 O-O 6. Bg2 dxc4 7. O-O Nc6 8. Qa4 Nd5 9. Qc2 Be7 10. Rd1 Rb8 11. e4 Ndb4 12. Qe2 Nd3 13. Be3 b5 14. b3 a6 15. a4 Na5 16. axb5 Nxb3 17. Rab1 Nb4 18. Bf4 axb5 19. Nxb5 Rxb5 20. Qxc4 Ba6 21. Qxb3 Nd5 22. Qc2 Rxb1 23. Rxb1 Nxf4 24. gxf4 Qd6 25. e5 Qd7 26. Rc1 c6 27. Qc3 Rc8 28. Nd2 Bb5 29. Nb3 g6 30. d5 Ba3 31. dxc6 Bxc6 32. Nc5 Bxc5 33. Qxc5 Bb7 34. Qe3 Rd8 35. Bxb7 Qxb7 36. Re1 Qb4 37. Kg2 Rd4 38. Rb1 Qa4 39. Kg3 Qc4 40. Rc1 Qd5 41. Rc3 Kg7 42. Qf3 Qb5 43. Qg4 h6 44. h4 Qf1 45. Qf3 h5 46. Qg2 Qxg2+ 47. Kxg2 Rxf4 48. Kg3 Rg4+ 49. Kh3 g5 50. hxg5 Rxg5 51. Re3 Kg6 52. Re4 Kf5 53. f3 Rg1 54. Kh4 Kg6 55. Rf4 Rh1+ 56. Kg3 Re1 57. Rf6+ Kg7 58. f4 Rg1+ 59. Kh4 Rg6 60. Kxh5 Rxf6 61. exf6+ Kxf6 62. Kg4 Kg6 63. Kg3 Kf5 64. Kf3 f6 65. Ke3 Kg4 66. Ke4 f5+ 67. Kd4 0-1

[Event "5th EKA IIFL Investment 2019"]
[Site "Mumbai"]
[Date "2020.01.03"]
[Round "5.44"]
[White "Kavinda, Akila"]
[Black "Saravana, Krishnan P."]
[Result "0-1"]
[ECO "D12"]
[WhiteElo "2022"]
[BlackElo "2304"]
[Annotator "ChessBase"]
[PlyCount "122"]
[EventDate "2019.12.30"]
[EventType "swiss"]
[EventCountry "IND"]
[SourceTitle "playchess.com"]
[Source "ChessBase"]
[SourceQuality "1"]
[TimeControl "40/5400+30:1800+30"]

1. d4 d5 2. Nf3 Nf6 3. c4 c6 4. e3 Bf5 5. Nc3 e6 6. Nh4 Be4 7. f3 Bg6 8. Qb3 Qb6 9. Nxg6 hxg6 10. Bd2 Nbd7 11. O-O-O Bd6 12. h3 Nh5 13. Bd3 O-O-O 14. Qxb6 axb6 15. cxd5 exd5 16. Kb1 Bc7 17. Bc2 b5 18. Ne2 Rde8 19. Rhe1 Nb6 20. b3 Nf6 21. Nc1 Nbd7 22. Re2 Nf8 23. Bd3 Ne6 24. Be1 Kd7 25. Bf2 Ra8 26. Rc2 Ra3 27. Bf1 Rha8 28. Nd3 Ke8 29. Be1 Bd6 30. Bf2 Kf8 31. Nc1 Nc7 32. g4 Re8 33. Nd3 Nd7 34. Bg2 b4 35. Re2 Nb5 36. Be1 Nxd4 37. Rb2 Nb5 38. Nxb4 Raa8 39. a4 Nc7 40. e4 Be5 41. Ra2 Nf6 42. g5 Nh5 43. exd5 Rad8 44. Bf2 Nf4 45. Bb6 Ncxd5 46. Bxd8 Nc3+ 47. Kc1 Nxd1 48. Bb6 Nc3 49. Rc2 Nce2+ 50. Kb1 Bd4 51. Bxd4 Nxd4 52. Rc4 c5 53. Rxc5 Nxg2 54. Rc7 Nxb3 55. Rxb7 Nc5 56. Rc7 Rb8 57. Rxc5 Rxb4+ 58. Kc2 Rxa4 59. Rc8+ Ke7 60. Rc7+ Ke6 61. Rc6+ Ke5 0-1

[Event "5th EKA IIFL Investment 2019"]
[Site "Mumbai"]
[Date "2020.01.03"]
[Round "5.45"]
[White "Harshad, S."]
[Black "Laddha, Shubh Jayesh"]
[Result "1-0"]
[ECO "C77"]
[WhiteElo "2291"]
[BlackElo "1975"]
[Annotator "RC"]
[PlyCount "87"]
[EventDate "2019.12.30"]
[EventType "swiss"]
[EventCountry "IND"]
[SourceTitle "playchess.com"]
[Source "ChessBase"]
[SourceQuality "1"]
[TimeControl "40/5400+30:1800+30"]

1. e4 e5 2. Nf3 Nc6 3. Bb5 a6 4. Ba4 Nf6 5. d3 d6 6. c3 g6 7. O-O Bg7 8. Re1 b5 9. Bc2 O-O 10. a4 Bb7 11. Nbd2 Nb8 12. b4 Nbd7 13. Nb3 c6 14. c4 d5 15. Qe2 d4 16. Bd2 Re8 17. Na5 Qb6 18. c5 Qc7 19. Rf1 Nf8 20. Nh4 Ne6 21. g3 Rad8 22. Nxb7 Qxb7 23. f4 exf4 24. gxf4 Nf8 25. Qg2 Qd7 26. Bd1 Qe7 27. Nf3 h5 28. h3 Bh6 29. Bb3 Bg7 30. Ne5 Ne6 31. Nxc6 Qc7 32. Nxd8 Rxd8 33. axb5 axb5 34. e5 Nh7 35. Bxe6 fxe6 36. Qg4 g5 37. Qxg5 Kh8 38. Qxh5 Rg8 39. Kh2 Qc6 40. Ra7 Bh6 41. Rg1 Bxf4+ 42. Bxf4 Rg2+ 43. Rxg2 Qd7 44. Ra8+ {[%emt 0:00:37] Qd5} 1-0

[Event "5th EKA IIFL Investment 2019"]
[Site "Mumbai"]
[Date "2020.01.03"]
[Round "5.46"]
[White "Barath Kalyan M"]
[Black "Mohite, Ranveer"]
[Result "1-0"]
[ECO "D37"]
[WhiteElo "2091"]
[BlackElo "2281"]
[Annotator "ChessBase"]
[PlyCount "118"]
[EventDate "2019.12.30"]
[EventType "swiss"]
[EventCountry "IND"]
[SourceTitle "playchess.com"]
[Source "ChessBase"]
[SourceQuality "1"]
[TimeControl "40/5400+30:1800+30"]

1. Nf3 Nf6 2. c4 e6 3. Nc3 d5 4. d4 Be7 5. Bf4 O-O 6. e3 b6 7. Qc2 Bb7 8. cxd5 exd5 9. Bd3 c5 10. O-O Nc6 11. a3 c4 12. Bf5 g6 13. Bh3 Re8 14. Nb5 Rf8 15. Bc7 Qe8 16. Nd6 Bxd6 17. Bxd6 Ne7 18. Ne5 Qd8 19. Bb4 a5 20. Be1 Bc8 21. g4 Ne4 22. Bg2 Nd6 23. f4 Kg7 24. f5 f6 25. Nf3 gxf5 26. g5 fxg5 27. Nxg5 Ng6 28. h4 h6 29. Bxd5 hxg5 30. Bxa8 gxh4 31. Qg2 Be6 32. Bf3 h3 33. Qg3 f4 34. exf4 Nf5 35. Qf2 Bd5 36. Bc3 Ngh4 37. Bg4 Kf7 38. Bh5+ Kf6 39. Kh2 Rg8 40. Rg1 Ng2 41. Qe2 Nfe3 42. Bd2 Qe7 43. Bxe3 Qxe3 44. Qxe3 Nxe3 45. Rxg8 Bxg8 46. Kxh3 b5 47. Re1 Be6+ 48. Kg3 Nf5+ 49. Kf2 Nxd4 50. Rd1 Nb3 51. Rd6 Nc5 52. Ke3 b4 53. axb4 axb4 54. Rc6 Nb7 55. Bg4 Nd8 56. Rb6 c3 57. bxc3 bxc3 58. f5 c2 59. Kd2 Ke5 1-0

[Event "5th EKA IIFL Investment 2019"]
[Site "Mumbai"]
[Date "2020.01.03"]
[Round "5.47"]
[White "Deshpande, Aniruddha"]
[Black "Pandey Srishti"]
[Result "1-0"]
[ECO "E63"]
[WhiteElo "2275"]
[BlackElo "2162"]
[Annotator "ChessBase"]
[PlyCount "78"]
[EventDate "2019.12.30"]
[EventType "swiss"]
[EventCountry "IND"]
[SourceTitle "playchess.com"]
[Source "ChessBase"]
[SourceQuality "1"]
[TimeControl "40/5400+30:1800+30"]

1. d4 Nf6 2. c4 g6 3. g3 Bg7 4. Bg2 O-O 5. Nc3 d6 6. Nf3 Nc6 7. O-O a6 8. Bf4 Rb8 9. Rc1 Bd7 10. Qd2 b5 11. Nd5 bxc4 12. Nxf6+ Bxf6 13. Rxc4 Rb6 14. Rfc1 Qb8 15. b3 Rc8 16. d5 Nd8 17. Bg5 Bxg5 18. Nxg5 f6 19. Nxh7 Nf7 20. Qe3 Re8 21. Rxc7 Rb7 22. Rxd7 Rxd7 23. Bh3 Rb7 24. Be6 Kg7 25. Rc4 Rh8 26. Rh4 Qe8 27. Bxf7 Qxf7 28. Qh6+ Kg8 29. Qc1 Rb8 30. Qc7 Re8 31. Nxf6+ Qxf6 32. Rf4 Qe5 33. Qc2 Kg7 34. Rg4 Qh5 35. Qc3+ Qe5 36. Qd3 Rh6 37. Re4 Qf6 38. Re6 Qa1+ 39. Kg2 Rxh2+ 1-0

[Event "5th EKA IIFL Investment 2019"]
[Site "Mumbai"]
[Date "2020.01.03"]
[Round "5.50"]
[White "Pranav, Shetty"]
[Black "Dixit, Nikhil"]
[Result "1-0"]
[ECO "C11"]
[WhiteElo "2162"]
[BlackElo "2318"]
[Annotator "ChessBase"]
[PlyCount "229"]
[EventDate "2019.12.30"]
[EventType "swiss"]
[EventCountry "IND"]
[SourceTitle "playchess.com"]
[Source "ChessBase"]
[SourceQuality "1"]
[TimeControl "40/5400+30:1800+30"]

1. e4 e6 2. d4 d5 3. Nc3 Nf6 4. e5 Nfd7 5. Nce2 c5 6. c3 Nc6 7. Nf3 Ncb8 8. Nfg1 Nc6 9. Nf3 Ncb8 10. Nfg1 Nc6 11. Nf3 Be7 12. Nfg1 Bf8 13. Nf3 Be7 14. a3 a5 15. Nf4 cxd4 16. cxd4 Qb6 17. h4 a4 18. Be2 h6 19. Rh3 g6 20. Kf1 Nf8 21. Nd3 Nd7 22. Nf4 Nf8 23. Nd3 Bd7 24. Nf4 Bc8 25. Nd3 Bd7 26. Nf4 Bc8 27. Nd3 Bd7 28. Nf4 Bc8 29. Nd3 Bd7 30. Nf4 Bc8 31. Nd3 Bd7 32. Nf4 Bc8 33. Nd3 Bd7 34. Nf4 Bc8 35. Nd3 Bd7 36. Nf4 Bc8 37. Nd3 Bd7 38. Nf4 Bc8 39. Nd3 Bd7 40. Nf4 Bc8 41. Nd3 Bd7 42. Nc5 Bc8 43. Nd3 Bd7 44. Nc5 Bxc5 45. dxc5 Qc7 46. Be3 Qb6 47. Bc1 Qc7 48. Be3 Na5 49. Bc1 Nc6 50. Be3 Na5 51. Bc1 Nc6 52. Be3 Na5 53. Bc1 Nc6 54. Be3 Na5 55. Bc1 Nc6 56. Be3 Na5 57. Bc1 Nc6 58. Be3 Na5 59. Bc1 Nc6 60. Be3 Na5 61. Bc1 Nc6 62. Be3 Na5 63. Bc1 Nc6 64. Be3 Na5 65. Bc1 Nc6 66. Be3 Na5 67. Nd4 Nc6 68. Nf3 Na5 69. Nd4 Nc6 70. Nf3 Na5 71. Nd4 Nc6 72. Nf3 Na5 73. Nd4 Nc6 74. Nf3 Na5 75. Nd4 Nc6 76. Nf3 Na5 77. Nd4 Nc4 78. Bxc4 dxc4 79. Rc1 Qxe5 80. Qe2 Qc7 81. Qd1 Qe5 82. Qe2 Qc7 83. Qd1 Qe5 84. Qe2 Qc7 85. Qd1 Qe5 86. Qe2 Qe4 87. Qd1 Qe5 88. Qe2 Qe4 89. Rxc4 e5 90. Nb5 Qc6 91. Nd6+ Ke7 92. Nb5 Ke8 93. Nd6+ Ke7 94. Rf3 Be6 95. Rb4 Bd7 96. Rc4 Be6 97. Rb4 Nd7 98. Rxb7 Rhb8 99. Rb4 Rh8 100. Rb7 Rhb8 101. Rxd7+ Kxd7 102. Nxf7 Qd5 103. Nd6 Qc6 104. Nf7 Qd5 105. Bxh6 Rxb2 106. Nxe5+ Kc7 107. Nf7 Kd7 108. Ne5+ Kc7 109. Qe1 {[%emt 0:00:00] Kd7 Qe2+ Kc7 Qe1 Kd7 Qe2+ Kc7 Qe1} Rab8 110. Qa5+ {[%emt 0:00:39] Ra8 Qe1 Rab8 Qa5+ Ra8 Qe1 Rab8 Qa5+ Ra8 Qe1 Rab8 Qa5+} Kb7 111. c6+ Qxc6 112. Nxc6 Bc4+ 113. Kg1 Be6 114. Kf1 Bc4+ 115. Kg1 1-0

[Event "5th EKA IIFL Investment 2019"]
[Site "Mumbai"]
[Date "2020.01.03"]
[Round "5.52"]
[White "Pranav Vijay"]
[Black "Priyanka, Kumari"]
[Result "0-1"]
[ECO "B51"]
[WhiteElo "2265"]
[BlackElo "1874"]
[Annotator "ChessBase"]
[PlyCount "264"]
[EventDate "2019.12.30"]
[EventType "swiss"]
[EventCountry "IND"]
[SourceTitle "playchess.com"]
[Source "ChessBase"]
[SourceQuality "1"]
[TimeControl "40/5400+30:1800+30"]

1. e4 c5 2. Nf3 d6 3. Bb5+ Nd7 4. d4 Ngf6 5. Nc3 a6 6. Bxd7+ Nxd7 7. dxc5 Nxc5 8. Be3 Nd7 9. Bc1 Nc5 10. Be3 Nd7 11. Bc1 Nc5 12. Be3 Nd7 13. Bc1 Nc5 14. Be3 Nd7 15. Bc1 Nc5 16. Be3 e6 17. Qd4 Nd7 18. Qd1 Nc5 19. Qd4 Nd7 20. Qd1 Nc5 21. Qd4 Nd7 22. Qd1 Nc5 23. Qd4 b5 24. Bg5 Qc7 25. O-O Bb7 26. Rad1 f6 27. Bc1 Be7 28. Bg5 Bf8 29. Bc1 Be7 30. a3 O-O 31. Qe3 Rad8 32. Nd4 Ra8 33. Nf3 Rad8 34. Nd4 Ra8 35. Nf3 Rad8 36. Nd4 Ra8 37. Nf3 Rad8 38. Nd4 Ra8 39. Nf3 Rad8 40. Nd4 Ra8 41. Nf3 Rad8 42. Nd4 Bc8 43. f4 Na4 44. Rd3 Nc5 45. Rdd1 Na4 46. Rd3 Nc5 47. Rdd1 Na4 48. Rd3 Nb6 49. Rdd1 Na4 50. Rd3 Nb6 51. Rdd1 Na4 52. Rd3 Nb6 53. Kh1 Na4 54. Kg1 Nb6 55. Kh1 e5 56. Nde2 f5 57. Ng3 fxe4 58. Qxe4 Bb7 59. Qe2 Rde8 60. fxe5 Rxf1+ 61. Qxf1 dxe5 62. Qe2 Rf8 63. Rd1 Qc6 64. Rd3 Qc7 65. Rd1 Qc6 66. Nge4 a5 67. Ng3 b4 68. axb4 axb4 69. Nce4 Nd5 70. Re1 Bd8 71. Rd1 Be7 72. Re1 Bd8 73. Rd1 Be7 74. Re1 Bd8 75. Qh5 Nf6 76. Qd1 Bb6 77. h3 Nxe4 78. Nxe4 Rf2 79. Ng3 Rf8 80. Ne4 Rf2 81. Ng3 Rf8 82. Ne4 Rf2 83. Qg4 Rxc2 84. Bd2 Rc4 85. Bg5 Rc2 86. Bd2 Rc4 87. Bg5 Bc8 88. Qf3 h6 89. Be7 Bb7 90. Qf8+ Kh7 91. Qf5+ Kg8 92. Qf8+ Kh7 93. Qf5+ Qg6 94. Qxg6+ Kxg6 95. Bg5 Kh7 96. Be7 Kg6 97. Nd6 Rc7 98. Ne4 Rc4 99. Nd6 Rc7 100. Ne4 Rc4 101. Nd6 Rc7 102. Ne4 Rc4 103. Nd6 Rc7 104. Ne4 Rc4 105. Nd6 Rc7 106. Ne4 Rc4 107. Nd6 Rc7 108. Ne4 Rc4 109. Nd6 Rc7 110. Bd8 Rd7 111. Bxb6 Rxd6 112. Bc7 Rd2 113. Rxe5 Rxb2 114. Rb5 Bxg2+ 115. Kg1 Bxh3 116. Bd6 Bg2 117. Bc7 Bh3 118. Bd6 b3 119. Be5 Rg2+ 120. Kh1 Re2 121. Rb6+ Kh7 122. Rb5 Kg6 123. Rb6+ Kh7 124. Bd4 Be6 125. Kg1 g5 126. Kf1 Re4 127. Bb2 Bc4+ 128. Kg1 Re1+ 129. Kf2 Re2+ 130. Kg3 Rxb2 131. Kg4 Rg2+ {[%emt 0:00:33] Kg3 Rb2 Kg4 Rg2+} 132. Kh5 Be2# 0-1

[Event "5th EKA IIFL Investment 2019"]
[Site "Mumbai"]
[Date "2020.01.03"]
[Round "5.54"]
[White "Souhardo Basak"]
[Black "Kamdar Udit"]
[Result "1/2-1/2"]
[ECO "C05"]
[WhiteElo "2254"]
[BlackElo "2107"]
[Annotator "NA"]
[PlyCount "79"]
[EventDate "2019.12.30"]
[EventType "swiss"]
[EventCountry "IND"]
[SourceTitle "playchess.com"]
[Source "ChessBase"]
[SourceQuality "1"]
[TimeControl "40/5400+30:1800+30"]

1. e4 e6 2. d4 d5 3. Nd2 Nf6 4. e5 Nfd7 5. c3 c5 6. Bd3 Nc6 7. Ngf3 Qb6 8. O-O cxd4 9. cxd4 Nxd4 10. Nxd4 Qxd4 11. Nf3 Qb6 12. Qa4 a6 13. Be3 Qxb2 14. a3 Qc3 15. Be2 Qc6 16. Qf4 Nc5 17. Rfc1 Qa4 18. Rxc5 Qxf4 19. Rxc8+ Rxc8 20. Bxf4 Rc3 21. a4 Ra3 22. Rxa3 Bxa3 23. Bd3 Kd7 24. Kf1 h6 25. Ke2 Bb2 26. Kd1 Rc8 27. Bd2 Rc5 28. Bb4 Rc8 29. Bc2 Rc4 30. Bf8 Rg4 31. g3 Ke8 32. h3 Rc4 33. Bxg7 h5 34. Nd2 Rc8 35. g4 hxg4 36. h4 f5 37. exf6 Kf7 38. h5 Bxf6 39. Bh6 Ke7 40. Bg6 1/2-1/2

[Event "5th EKA IIFL Investment 2019"]
[Site "Mumbai"]
[Date "2020.01.03"]
[Round "5.55"]
[White "Raahul V S"]
[Black "Kumar, Gaurav"]
[Result "1/2-1/2"]
[ECO "A06"]
[WhiteElo "2252"]
[BlackElo "2075"]
[Annotator "ChessBase"]
[PlyCount "122"]
[EventDate "2019.12.30"]
[EventType "swiss"]
[EventCountry "IND"]
[SourceTitle "playchess.com"]
[Source "ChessBase"]
[SourceQuality "1"]
[TimeControl "40/5400+30:1800+30"]

1. Nf3 d5 2. g3 Bg4 3. Bg2 Nd7 4. c4 c6 5. cxd5 cxd5 6. Qa4 Ngf6 7. Nc3 Bxf3 8. Bxf3 e6 9. d4 a6 10. Bf4 b5 11. Qb3 Nb6 12. O-O Bd6 13. a4 Bxf4 14. gxf4 Nxa4 15. Nxa4 bxa4 16. Qxa4+ Qd7 17. Rfc1 Qxa4 18. Rxa4 Kd7 19. e3 Rhb8 20. b4 Rb6 21. Rc5 Rab8 22. f5 Ne8 23. Bh5 g6 24. fxe6+ fxe6 25. Be2 Nc7 26. Ra2 Rxb4 27. Bxa6 Ra8 28. Bb5+ Rxb5 29. Rxc7+ Kxc7 30. Ra5 Ra7 31. Rxa7+ Rb7 32. Ra8 Kd6 33. Kg2 Re7 34. Re8 Rf7 35. Kg3 Kd7 36. Ra8 Ke7 37. h4 Kf6 38. f3 h5 39. Ra6 Kf5 40. Rd6 Rf8 41. Rd7 Kf6 42. Kf4 e5+ 43. Kg3 exd4 44. exd4 Ke6 45. Ra7 Rf5 46. Ra6+ Kf7 47. Rd6 Kg7 48. f4 Kf7 49. Kf3 Kg7 50. Re6 Kf7 51. Re5 Kf6 52. Ke3 Rxe5+ 53. dxe5+ Kf5 54. Kd4 Ke6 55. Kc5 g5 56. hxg5 h4 57. g6 h3 58. f5+ Kxf5 59. g7 h2 60. g8=Q h1=Q 61. Kd6 Qh6+ 1/2-1/2

[Event "5th EKA IIFL Investment 2019"]
[Site "Mumbai"]
[Date "2020.01.03"]
[Round "5.56"]
[White "Varun, Vij"]
[Black "Shiva Pavan Teja Sharma U"]
[Result "1-0"]
[ECO "B13"]
[WhiteElo "1964"]
[BlackElo "2072"]
[Annotator "NA RC"]
[PlyCount "57"]
[EventDate "2019.12.30"]
[EventType "swiss"]
[EventCountry "IND"]
[SourceTitle "playchess.com"]
[Source "ChessBase"]
[SourceQuality "1"]
[TimeControl "40/5400+30:1800+30"]

1. e4 c6 2. d4 d5 3. exd5 cxd5 4. Bd3 Nc6 5. c3 Nf6 6. Bf4 Bg4 7. Qb3 Qc8 8. Nd2 e6 9. Ngf3 Be7 10. O-O O-O 11. Rae1 Bh5 12. Qc2 Bg6 13. Bxg6 hxg6 14. Qd3 a6 15. Ng5 Nh7 16. Nxh7 Kxh7 17. h4 Kg8 18. g3 b5 19. Kg2 Rd8 20. Rh1 Bf6 21. Nf3 Ne7 22. Bg5 Qc4 23. Qd2 Bxg5 24. hxg5 Qc7 25. Rh3 Nc6 26. Ne5 Nxe5 27. Rxe5 Rac8 28. Qf4 f6 29. Rxe6 1-0

[Event "5th EKA IIFL Investment 2019"]
[Site "Mumbai"]
[Date "2020.01.03"]
[Round "5.57"]
[White "Aakash Sharadchandra, Dalvi"]
[Black "Panesar Vedant"]
[Result "1/2-1/2"]
[ECO "D55"]
[WhiteElo "2107"]
[BlackElo "2247"]
[Annotator "ChessBase"]
[PlyCount "82"]
[EventDate "2019.12.30"]
[EventType "swiss"]
[EventCountry "IND"]
[SourceTitle "playchess.com"]
[Source "ChessBase"]
[SourceQuality "1"]
[TimeControl "40/5400+30:1800+30"]

1. d4 d5 2. Nf3 Nf6 3. c4 e6 4. Nc3 Be7 5. Bg5 O-O 6. e3 b6 7. cxd5 exd5 8. Bd3 Bb7 9. O-O Nbd7 10. Rc1 a6 11. Bf5 Re8 12. Qc2 g6 13. Bh3 Nh5 14. Bxe7 Rxe7 15. Bxd7 Qxd7 16. b4 Nf6 17. a4 Qd6 18. Qb3 Nd7 19. Rc2 Kg7 20. Rfc1 c6 21. a5 b5 22. Ne2 Rae8 23. Nf4 f6 24. Nd3 Nb8 25. Qc3 Bc8 26. Qc5 Qxc5 27. Nxc5 g5 28. Rc3 Kg6 29. Re1 Bg4 30. Nd2 h5 31. f3 Bc8 32. Kf2 h4 33. e4 dxe4 34. Rxe4 Rxe4 35. Ndxe4 Rd8 36. Rd3 Bf5 37. Rd2 Kf7 38. Nc3 Be6 39. N3e4 Bf5 40. Nc3 Be6 41. N3e4 Bf5 1/2-1/2

[Event "5th EKA IIFL Investment 2019"]
[Site "Mumbai"]
[Date "2020.01.03"]
[Round "5.63"]
[White "Manish Kumar"]
[Black "Ilamparthi A R"]
[Result "1/2-1/2"]
[ECO "B09"]
[WhiteElo "2168"]
[BlackElo "1880"]
[Annotator "ChessBase"]
[PlyCount "97"]
[EventDate "2019.12.30"]
[EventType "swiss"]
[EventCountry "IND"]
[SourceTitle "playchess.com"]
[Source "ChessBase"]
[SourceQuality "1"]
[TimeControl "40/5400+30:1800+30"]

1. e4 g6 2. d4 Bg7 3. Nc3 d6 4. f4 Nf6 5. Nf3 c5 6. dxc5 Qa5 7. Bd3 Qxc5 8. Qe2 O-O 9. Be3 Qc7 10. O-O Nc6 11. a3 a6 12. Nd5 Nxd5 13. exd5 Nb8 14. c4 a5 15. Rac1 Na6 16. b3 Bg4 17. Rce1 Bxf3 18. Rxf3 Nc5 19. Bc2 Rfe8 20. f5 Nd7 21. h4 a4 22. h5 axb3 23. fxg6 fxg6 24. Bd3 Rxa3 25. hxg6 Ra2 26. Bd2 Qc5+ 27. Kh1 Ne5 28. Rh3 Qd4 29. Qh5 h6 30. Bxh6 Qg4 31. Qxg4 Nxg4 32. Be3 Rf8 33. Bg1 b2 34. c5 Ra1 35. Bb1 dxc5 36. Rh7 c4 37. Rxg7+ Kxg7 38. Bd4+ Kh6 39. Bxb2 Ra6 40. g7 Rg8 41. Rxe7 Rd6 42. Bc1+ Kh5 43. Bh7 Rxd5 44. g3 Rd1+ 45. Kg2 Ra8 46. Bf4 Ra2+ 47. Kf3 Rf2+ 48. Ke4 Re2+ 49. Kf3 1/2-1/2

[Event "5th EKA IIFL Investment 2019"]
[Site "Mumbai"]
[Date "2020.01.04"]
[Round "6.5"]
[White "Yudin, Sergei"]
[Black "Czebe, Attila"]
[Result "1-0"]
[ECO "B00"]
[WhiteElo "2497"]
[BlackElo "2374"]
[Annotator "ChessBase"]
[PlyCount "69"]
[EventDate "2019.12.30"]
[EventType "swiss"]
[EventCountry "IND"]
[SourceTitle "playchess.com"]
[Source "ChessBase"]
[SourceQuality "1"]
[TimeControl "40/5400+30:1800+30"]

1. e4 d6 2. d4 g6 3. Nc3 a6 4. Be3 b5 5. h4 Nf6 6. f3 Bb7 7. Qd2 e6 8. a4 b4 9. Nd1 a5 10. c3 Na6 11. Bd3 h5 12. Nh3 Be7 13. O-O c5 14. Bb5+ Kf8 15. Ndf2 Kg7 16. Bg5 cxd4 17. cxd4 Qb6 18. Rfd1 Rac8 19. Be3 d5 20. e5 Ng8 21. Ng5 Nc7 22. Be2 Nh6 23. g4 Ng8 24. Kg2 Nh6 25. Rac1 Na8 26. Nd3 Rxc1 27. Rxc1 Ba6 28. Nc5 Bxe2 29. Qxe2 Nc7 30. Kg3 Rd8 31. Qd2 Qb8 32. Ngxe6+ Nxe6 33. Bxh6+ Kh7 34. Nxe6 fxe6 35. Qf4 1-0

[Event "5th EKA IIFL Investment 2019"]
[Site "Mumbai"]
[Date "2020.01.04"]
[Round "6.13"]
[White "Neverov, Valeriy"]
[Black "Pranesh M"]
[Result "1-0"]
[ECO "D52"]
[WhiteElo "2460"]
[BlackElo "2317"]
[Annotator "RC"]
[PlyCount "159"]
[EventDate "2019.12.30"]
[EventType "swiss"]
[EventCountry "IND"]
[SourceTitle "playchess.com"]
[Source "ChessBase"]
[SourceQuality "1"]
[TimeControl "40/5400+30:1800+30"]

1. d4 Nf6 2. Nf3 d5 3. c4 e6 4. Bg5 c6 5. e3 Nbd7 6. Nc3 Be7 7. Bd3 h6 8. Bh4 O-O 9. O-O b6 10. Qe2 Ne4 11. cxd5 exd5 12. Bg3 f5 13. Rac1 b5 14. Nd2 Nxg3 15. hxg3 Nb6 16. f4 Be6 17. Nf3 Nd7 18. Nd1 Rc8 19. Nf2 h5 20. Bb1 g6 21. Nd3 Kg7 22. Rc2 Qb6 23. b4 Qb7 24. Rfc1 Nb6 25. Nc5 Bxc5 26. Rxc5 Nc4 27. Ne5 Rc7 28. Bd3 Ra8 29. a4 a6 30. Rb1 Nb6 31. Bc2 Nd7 32. Rc3 Nb6 33. Rc5 Nd7 34. Rc3 Nb6 35. Ra3 Nc4 36. Ra2 Qb6 37. Rba1 Rca7 38. Qe1 Bf7 39. Bd3 Be8 40. Kf2 Qb7 41. Qc3 Qe7 42. Rb1 Rb8 43. Qc1 Rba8 44. Qc3 Qb7 45. Raa1 Qe7 46. Be2 Qb7 47. Nd3 Qb6 48. Ra2 Re7 49. axb5 cxb5 50. Ne5 Rc7 51. Qb3 Rca7 52. Rba1 Qe6 53. Qc3 Qd6 54. Qe1 Qe7 55. Rb1 Qd6 56. Rba1 Qe7 57. Bf3 Qd8 58. Nd3 Bc6 59. Nc5 Qe7 60. Bd1 Re8 61. Re2 Qf6 62. Rxa6 Rae7 63. Nd3 h4 64. Ne5 hxg3+ 65. Kxg3 Rh8 66. Kf3 g5 67. Qg3 g4+ 68. Kf2 Nd6 69. Bc2 Bb7 70. Rxd6 Qxd6 71. Bxf5 Kf6 72. Qxg4 Rg7 73. Bg6 Ke7 74. Rc2 Rf8 75. Qh4+ Rf6 76. f5 Kf8 77. Qh8+ Rg8 78. Nd7+ Ke7 79. Qxg8 Kxd7 80. Qe8# 1-0

[Event "5th EKA IIFL Investment 2019"]
[Site "Mumbai"]
[Date "2020.01.04"]
[Round "6.14"]
[White "Muthaiah AL"]
[Black "Krishna C R G"]
[Result "1-0"]
[ECO "A06"]
[WhiteElo "2363"]
[BlackElo "2459"]
[Annotator "ChessBase"]
[PlyCount "69"]
[EventDate "2019.12.30"]
[EventType "swiss"]
[EventCountry "IND"]
[SourceTitle "playchess.com"]
[Source "ChessBase"]
[SourceQuality "1"]
[TimeControl "40/5400+30:1800+30"]

1. Nf3 d5 2. g3 c6 3. Bg2 Bg4 4. h3 Bh5 5. O-O Nd7 6. d3 e6 7. e4 Bd6 8. exd5 cxd5 9. c4 Ngf6 10. Nc3 O-O 11. cxd5 exd5 12. d4 Qa5 13. Bd2 Qb6 14. Qb3 Qxb3 15. axb3 Bg6 16. Nb5 Bb8 17. Rfc1 b6 18. Nc7 Bxc7 19. Rxc7 a5 20. Ne5 Bf5 21. g4 Be6 22. f4 g6 23. Nxd7 Nxd7 24. Rf1 Nf6 25. f5 gxf5 26. gxf5 Bc8 27. Bg5 Kg7 28. Kh2 Ba6 29. Rc6 Ng8 30. Rg1 Rac8 31. Bxd5 Rxc6 32. Be7+ Kh8 33. Bxf8 Rc2+ 34. Kh1 h6 35. Bxf7 1-0